Map: [ESL] Site Delta

Players

Cham

  • Race: Zerg Zerg
  • Spawn Location: 5:00

Kelazhur - Winner!

  • Race: Terran Terran
  • Spawn Location: 11:00

Event: ESL SC2 Masters 2024 Spring (Regional)

VOD

Have the link to the VOD?

Description

Time

  • Played on: April 20, 2024, 11:53 a.m.
  • Length: 7:28

All games in this series

Show
View Real Time Build Order
Export as new Build Order

Cham Zerg 

Build Orders: Hatch First, Swarm Host 

Get SALT Encoding   

  12  0:00  Drone  
  13  0:14  Overlord  
  13  0:17  Drone  
  14  0:33  Drone x2  
  16  0:49  Hatchery  
  15  0:51  Drone  
  15  0:55  Drone  
  17  0:58  Drone  
  18  1:11  Spawning Pool  
  18  1:12  Extractor  
  18  1:16  Drone  
  17  1:19  Drone  
  18  1:30  Drone  
  19  1:40  Drone  
  20  1:52  Drone  
  21  2:01  Queen x2  
  23  2:02  Zergling x2  
  23  2:03  Zergling x2  
  27  2:12  Drone  
  27  2:13  Overlord  
  28  2:25  Spore Crawler  
  28  2:26  Drone  
  29  2:37  Spore Crawler  
  29  2:41  Queen  
  29  2:44  Lair  
  31  2:45  Drone x3  
  31  2:46  Drone  
  31  2:48  Drone  
  36  3:04  Drone  
  36  3:15  Overlord  
  36  3:16  Overlord  
  35  3:34  Drone x7  
  42  3:37  Drone  
  42  3:38  Extractor  
  42  3:44  Infestation Pit, Drone x3  
  42  3:46  Queen  
  42  3:47  Roach Warren  
  45  3:48  Extractor  
  45  3:49  Extractor  
  45  3:51  Zergling x2  
  43  3:57  Drone  
  43  3:58  Drone x2  
  43  4:00  Drone x2  
  47  4:09  Drone  
  48  4:10  Zergling x2  
  48  4:15  Evolution Chamber  
  48  4:21  Drone x2  
  48  4:22  Drone x2  
  51  4:24  Overseer  
  51  4:32  Nydus Network  
  51  4:34  Drone x2  
  50  4:46  Drone  
  50  4:48  Drone  
  50  4:51  Drone  
  52  4:54  Overlord x3  
  52  4:56  Glial Reconstitution  
  52  5:01  Overlord  
  52  5:10  Overlord  
  52  5:12  Swarm Host x3  
  61  5:15  Swarm Host  
  64  5:22  Swarm Host  
  64  5:26  Swarm Host  
  64  5:27  Overlord x2  
  64  5:28  Hatchery  
  69  5:33  Nydus Canal  
  69  5:42  Swarm Host  
  72  5:43  Overlord  
  72  5:45  Overlord  
  72  5:46  Drone x2  
  72  5:47  Swarm Host  
  77  6:07  Spore Crawler  
  77  6:08  Spore Crawler  
  75  6:12  Drone x2  
  75  6:13  Roach x4  
  75  6:14  Roach  
  75  6:15  Nydus Canal  
  75  6:16  Roach  
  84  6:20  Drone  
  82  6:29  Drone x2  
  78  6:37  Swarm Host  
  78  6:39  Swarm Host x3  
  88  6:41  Drone  
  88  6:44  Drone  
  90  6:53  Roach x2  
  90  6:54  Roach  
  95  7:02  Roach x2  
  95  7:03  Roach  
  95  7:07  Roach  
  103  7:09  Roach  
Show
View Real Time Build Order
Export as new Build Order

Kelazhur Terran - Winner!

Build Orders: Reaper Expand, Hellion Banshee 

Get SALT Encoding   

  12  0:00  SCV  
  13  0:12  SCV  
  14  0:17  Supply Depot  
  14  0:24  SCV  
  15  0:38  SCV  
  15  0:40  Barracks  
  15  0:42  Refinery  
  16  0:50  SCV  
  17  1:02  SCV  
  18  1:14  SCV  
  19  1:26  Reaper  
  19  1:27  Orbital Command  
  20  1:37  Command Center  
  20  1:47  Supply Depot  
  20  1:52  SCV  
  21  1:58  Marine  
  22  2:02  Factory  
  22  2:04  SCV  
  23  2:16  SCV  
  23  2:20  Barracks Reactor  
  24  2:28  SCV  
  25  2:42  SCV  
  26  2:45  Command Center  
  26  2:50  Orbital Command  
  26  2:54  SCV  
  26  2:57  Starport  
  27  3:06  SCV  
  27  3:09  Hellion x2  
  32  3:14  Refinery  
  32  3:17  Barracks Tech Lab  
  32  3:18  SCV  
  33  3:20  SCV  
  34  3:30  SCV  
  34  3:32  SCV, Hellion x2  
  40  3:42  Banshee, SCV  
  40  3:44  SCV  
  45  3:55  SCV  
  45  3:56  SCV  
  45  3:57  SCV  
  45  3:58  Barracks Tech Lab, Hellion x2  
  49  4:07  SCV  
  49  4:08  SCV  
  49  4:09  Orbital Command  
  49  4:15  Barracks x2  
  49  4:19  SCV  
  49  4:20  SCV  
  48  4:28  Banshee  
  48  4:31  SCV  
  51  4:32  SCV  
  51  4:33  Supply Depot  
  51  4:35  Bunker, Marine x2  
  54  4:40  Refinery  
  54  4:50  SCV  
  54  4:51  Siege Tank  
  54  4:52  SCV x2  
  56  4:53  Marine x2  
  56  4:57  Engineering Bay, Refinery  
  56  4:58  Engineering Bay  
  58  5:02  SCV  
  58  5:04  SCV  
  58  5:06  Supply Depot  
  60  5:07  Supply Depot  
  60  5:08  Marine x2  
  60  5:09  SCV  
  60  5:11  Marine  
  64  5:15  SCV  
  64  5:17  SCV  
  64  5:19  Supply Depot  
  64  5:20  Marine  
  67  5:23  SCV  
  68  5:29  Starport Reactor  
  68  5:30  Siege Tank, Barracks Tech Lab  
  68  5:31  Barracks Reactor  
  68  5:32  SCV  
  72  5:36  SCV  
  72  5:39  Marine, Orbital Command  
  72  5:40  Barracks x2, Marine x2  
  72  5:41  Supply Depot  
  76  5:44  SCV  
  76  5:48  SCV  
  78  5:56  SCV  
  78  5:57  Marine x2  
  78  6:00  SCV  
  78  6:07  SCV  
  78  6:08  SCV  
  80  6:12  SCV  
  80  6:14  Marine x2  
  83  6:19  SCV, Marine  
  83  6:21  SCV  
  83  6:24  Barracks, SCV, Supply Depot  
  87  6:25  Barracks  
  87  6:27  Marine  
  87  6:32  SCV  
  89  6:36  Medivac x2  
  89  6:37  Siege Tank  
  89  6:38  SCV  
  97  6:43  Supply Depot  
  97  6:45  SCV  
  98  6:47  Marine x3  
  98  6:48  Marine x2  
  98  6:50  Barracks Reactor  
  98  6:51  Barracks Reactor  
  98  6:53  SCV  
  104  6:59  Armory  
  103  7:05  SCV  
  103  7:06  Marine x2  
  106  7:08  SCV  
  106  7:10  SCV  
  106  7:14  Supply Depot  
  106  7:15  Barracks Reactor x2  
Tags
 
Add a new tag
Caveats
  • Supply blocks, unpowered buildings, or Contaminate may cause inaccurate times.
  • Supply counts are checked every 10 seconds.